Map: Beckett Industries LE

Players

Rave

  • Race: Terran Terran
  • League: Diamond

ViBE - Winner!

  • Race: Protoss Protoss
  • League: Diamond

VOD

Have the link to the VOD?

Description

TEST

Time

  • Played on: April 27, 2021, 9:02 p.m.
  • Length: 12:36
Show
View Real Time Build Order
Export as new Build Order

Rave Terran 

Build Orders: Reaper Expand 

Get SALT Encoding   

  12  0:00  SCV  
  13  0:12  SCV  
  14  0:17  Supply Depot  
  14  0:24  SCV  
  15  0:38  SCV  
  15  0:40  Barracks  
  16  0:44  Refinery  
  16  0:51  SCV  
  17  1:03  SCV  
  18  1:15  SCV  
  19  1:29  Engineering Bay  
  19  1:30  Orbital Command  
  19  1:31  Reaper  
  20  1:48  Command Center  
  20  1:58  Supply Depot  
  20  1:59  SCV  
  21  2:03  Barracks Tech Lab  
  21  2:11  SCV  
  22  2:15  Barracks  
  22  2:23  SCV  
  23  2:35  SCV  
  24  2:43  Marauder, Concussive Shells  
  26  2:47  SCV  
  27  2:59  SCV  
  27  3:02  Refinery  
  27  3:03  Barracks Reactor  
  27  3:04  Factory  
  28  3:09  Orbital Command, Marauder  
  28  3:11  SCV  
  31  3:24  SCV  
  32  3:35  Marauder  
  32  3:36  SCV x2  
  36  3:41  Marine  
  36  3:42  Marine  
  38  3:48  Stimpack  
  38  3:53  SCV x2  
  35  4:17  Marauder, Marine x2  
  35  4:18  SCV x2  
  35  4:23  Factory Reactor  
  41  4:24  Starport  
  41  4:27  Barracks  
  41  4:28  Refinery  
  41  4:29  Supply Depot  
  41  4:30  Supply Depot, SCV x2  
  43  4:36  Marine x2  
  45  4:42  SCV  
  46  4:46  Engineering Bay  
  46  4:50  SCV  
  46  4:51  Marauder  
  49  4:54  SCV  
  49  4:57  Marine x2  
  52  5:03  SCV  
  52  5:04  Starport Reactor  
  52  5:06  SCV  
  54  5:09  Starport Reactor  
  54  5:12  Marine  
  55  5:15  Barracks Tech Lab, SCV, Marine  
  55  5:16  Factory Reactor  
  55  5:18  SCV  
  55  5:19  Terran Infantry Weapons Level 1  
  55  5:20  Medivac  
  60  5:22  Marine  
  60  5:27  SCV  
  62  5:29  Supply Depot  
  62  5:30  Supply Depot  
  62  5:32  Medivac  
  62  5:33  Marine  
  65  5:38  Combat Shield  
  65  5:41  Marauder x2, Marine  
  65  5:42  Barracks  
  70  5:43  Barracks  
  70  5:51  Marine, SCV x2  
  70  5:52  Medivac  
  75  5:58  Refinery  
  75  6:03  SCV x2  
  77  6:06  Marauder, Marine  
  77  6:07  Marauder  
  77  6:08  Widow Mine x2  
  86  6:11  Supply Depot  
  86  6:13  Supply Depot  
  86  6:15  Marine  
  87  6:20  Medivac  
  87  6:24  Marine  
  90  6:29  Marauder  
  90  6:31  Barracks Tech Lab, Barracks Reactor  
  92  6:39  Command Center  
  92  6:42  Marauder, Marine x2  
  96  6:50  Marauder  
  96  6:53  Marauder  
  93  7:00  Marine x2  
  95  7:03  Medivac x2, Marine  
  95  7:07  Supply Depot  
  100  7:11  Marine  
  100  7:14  Marauder, Marine x2  
  105  7:17  Marine  
  105  7:21  Marauder  
  102  7:30  Marauder  
  83  7:44  Marauder x2, Marine x4  
  83  7:46  Medivac x2  
  83  7:50  Marine  
  96  7:54  Orbital Command  
  96  7:55  SCV x2  
  98  8:01  Terran Infantry Armor Level 1  
  98  8:02  Marine x4  
  98  8:05  Marine  
  102  8:07  SCV  
  102  8:08  Supply Depot  
  104  8:14  Marauder x2  
  104  8:16  Medivac x2  
  104  8:18  Refinery  
  112  8:20  Marine x2  
  112  8:24  SCV x3  
  117  8:29  Widow Mine x2  
  117  8:30  Marauder  
  117  8:31  Supply Depot  
  123  8:37  Missile Turret  
  123  8:38  SCV x3  
  126  8:46  Marine  
  126  8:47  Marauder x2, Marine  
  132  8:52  Marauder  
  118  9:21  Marauder, Marine  
  118  9:23  Marauder, Marine  
  118  9:24  Marauder, Marine x2  
  100  9:29  Liberator x2  
  91  9:38  SCV x2  
  91  9:39  Marine, SCV  
  91  9:41  Marine x3  
  91  9:42  Supply Depot  
  91  9:43  Marauder  
  91  9:45  Supply Depot, Starport, Marauder x2  
  104  9:56  Marine  
  104  9:59  Marine x3  
  108  10:04  Marauder  
  108  10:06  Marauder x2  
  114  10:09  Command Center  
  114  10:14  Marine  
  114  10:15  Fusion Core  
  114  10:16  Starport, SCV  
  114  10:17  Refinery, Marine  
  114  10:18  Supply Depot  
  114  10:19  Supply Depot, SCV  
  114  10:20  SCV  
  119  10:25  Viking, Marauder  
  119  10:26  Starport Reactor  
  119  10:28  Marauder, SCV  
  126  10:30  Marauder  
  128  10:45  Liberator  
  128  10:47  Marauder, Marine x4  
  128  10:49  Marauder  
  139  10:51  Marine  
  139  10:54  Liberator x2  
  139  10:55  Liberator  
  149  11:02  Supply Depot  
  149  11:05  Liberator  
  149  11:09  SCV x2  
  149  11:10  SCV  
  152  11:20  Liberator  
  152  11:21  Supply Depot, SCV  
  156  11:35  Sensor Tower  
  156  11:37  Supply Depot x2, Liberator  
  156  11:38  Missile Turret  
  159  11:40  Medivac  
  159  11:41  Medivac  
  163  11:51  Refinery  
  162  11:54  Refinery  
  162  12:00  Sensor Tower  
Show
View Real Time Build Order
Export as new Build Order

ViBE Protoss - Winner!

Build Orders: 1 Gate Expand, Colossus Rush 

Get SALT Encoding   

  12  0:05  Probe  
  13  0:18  Pylon, Probe  
  14  0:30  Probe (Chrono Boost)  
  15  0:37  Gateway  
  15  0:42  Probe (Chrono Boost)  
  16  0:44  Assimilator  
  17  0:50  Probe (Chrono Boost)  
  17  0:56  Probe  
  18  1:08  Probe  
  19  1:20  Probe  
  20  1:36  Probe  
  20  1:39  Cybernetics Core  
  21  1:40  Nexus  
  21  1:42  Assimilator  
  21  1:49  Pylon  
  21  1:54  Probe  
  22  2:06  Probe  
  23  2:13  Stalker (Chrono Boost)  
  23  2:17  Warp Gate  
  23  2:18  Probe  
  26  2:30  Probe  
  27  2:43  Probe  
  27  2:50  Sentry  
  28  2:53  Robotics Facility  
  28  2:55  Probe x2 (Chrono Boost)  
  30  3:02  Gateway  
  30  3:07  Probe (Chrono Boost)  
  30  3:08  Probe (Chrono Boost)  
  32  3:13  Probe (Chrono Boost)  
  32  3:14  Probe (Chrono Boost)  
  32  3:17  Stalker  
  36  3:21  Probe  
  36  3:24  Probe  
  38  3:29  Pylon  
  38  3:33  Probe  
  39  3:36  Probe  
  39  3:38  Pylon  
  40  3:46  Probe, Shield Battery  
  39  4:17  Probe x2  
  39  4:20  Stalker x2  
  39  4:22  Observer  
  46  4:27  Robotics Bay  
  46  4:29  Pylon, Probe x2  
  48  4:33  Pylon  
  48  4:41  Probe x2  
  48  4:43  Nexus  
  48  4:44  Observer (Chrono Boost)  
  48  4:45  Pylon  
  51  4:49  Stalker  
  51  4:51  Stalker  
  55  4:58  Probe x2  
  57  5:02  Observer (Chrono Boost)  
  57  5:05  Assimilator  
  57  5:06  Assimilator  
  58  5:14  Probe x2  
  60  5:27  Colossus (Chrono Boost), Probe x2  
  62  5:35  Stalker x2  
  72  5:39  Phoenix, Probe x2  
  74  5:46  Gateway  
  74  5:49  Gateway  
  74  5:54  Probe (Chrono Boost)  
  74  5:55  Probe (Chrono Boost)  
  76  6:02  Probe (Chrono Boost)  
  76  6:03  Stalker x2  
  83  6:05  Probe x2 (Chrono Boost)  
  83  6:09  Probe (Chrono Boost)  
  83  6:10  Probe (Chrono Boost)  
  84  6:13  Pylon  
  84  6:17  Forge  
  85  6:20  Forge  
  85  6:21  Twilight Council  
  85  6:23  Probe  
  85  6:24  Probe  
  88  6:25  Probe  
  88  6:38  Stalker x2  
  92  6:41  Probe x3  
  92  6:42  Stalker  
  95  6:56  Robotics Bay  
  95  6:59  Pylon  
  95  7:00  Blink  
  95  7:01  Pylon  
  95  7:03  Assimilator x2  
  95  7:05  Protoss Ground Weapons Level 1 (Chrono Boost), Protoss Ground Armor Level 1 (Chrono Boost)  
  95  7:08  Pylon  
  95  7:11  Pylon  
  95  7:17  Probe x3  
  95  7:22  Stalker x4  
  106  7:25  Shield Battery  
  106  7:34  Probe x3  
  96  7:46  Probe  
  96  7:49  Probe x2 (Chrono Boost)  
  99  7:57  Phoenix  
  99  7:59  Probe (Chrono Boost)  
  99  8:01  Probe x2 (Chrono Boost)  
  102  8:07  Stalker x3  
  102  8:08  Probe (Chrono Boost), Stalker  
  102  8:10  Probe x2 (Chrono Boost)  
  113  8:13  Probe (Chrono Boost)  
  116  8:20  Probe x2  
  116  8:25  Probe  
  117  8:28  Nexus  
  117  8:29  Pylon  
  117  8:31  Templar Archives  
  117  8:32  Pylon  
  117  8:35  Gateway  
  117  8:37  Gateway  
  117  8:38  Probe x3  
  117  8:39  Gateway  
  120  8:42  Gateway  
  120  8:47  Stalker x4  
  128  9:02  Pylon  
  128  9:07  Shield Battery  
  118  9:20  Zealot x4  
  108  9:31  Probe x2  
  108  9:32  Probe  
  108  9:33  Protoss Ground Armor Level 2 (Chrono Boost), Protoss Ground Weapons Level 2 (Chrono Boost)  
  108  9:37  Colossus  
  117  9:40  Charge  
  117  9:42  Psionic Storm  
  117  9:44  Zealot x8  
  133  9:49  Probe x3  
  133  9:50  Probe  
  137  9:58  Pylon  
  137  10:01  Pylon, Probe x3  
  137  10:03  Probe  
  141  10:10  Observer  
  141  10:12  High Templar  
  141  10:13  High Templar x5, Assimilator x2  
  153  10:14  Zealot  
  153  10:16  Zealot  
  157  10:36  Nexus  
  157  10:39  Pylon  
  157  10:42  Pylon  
  157  10:46  Pylon  
  157  10:51  Pylon  
  157  10:52  Pylon  
  157  10:53  Pylon, Stalker x7  
  171  10:57  Stalker  
  173  11:05  Colossus  
  173  11:09  Probe x4  
  178  11:22  Probe x3  
  178  11:24  Zealot x5  
  178  11:25  Zealot  
  193  11:27  High Templar x2  
Tags
 
Add a new tag
Caveats
  • Supply blocks, unpowered buildings, or Contaminate may cause inaccurate times.
  • Supply counts are checked every 10 seconds.